AoeStats
← 暴怒

Arena

510460100Analyzed
3v3 RM · 22h ago on Oct 1, 2026· 49m 19s· 6 players
Game mode
Random Map
Map size
Normal (6 player)
Population
200
Speed
Normal
Resources
Standard
Victory
Conquest
Starting age
Dark Age
Ending age
Imperial Age
RankedLock teamsTeams togetherTeam positionsShared explorationLock speedFull tech treeHidden civsTurbo modeCheats
Victory
Defeat
🇺🇸 Byzantines · United States
904
+12
🇦🇷 Japanese · Argentina
879
+13
🇨🇳 Goths · China
844
+13
🇨🇳 Cumans · China
817
-13
🇨🇳 Ethiopians · China
816
-13
🇨🇳 Teutons · China
779
-12
fatfatfattie
12:37 Feudal Age
17:44 Castle Age
15:45 Horse Collar
16:57 Double-Bit Axe
19:01 Heavy Plow
19:13 Bow Saw
27:20 Husbandry
27:38 Gold Mining
27:40 Stone Mining
28:25 Loom
31:16 Imperial Age
29:24 Wheelbarrow
29:21 Scale Barding Armor
29:27 Forging
29:49 Ballistics
29:24 Light Cavalry
30:55 Chain Barding Armor
31:21 Hand Cart
31:35 Caravan
33:00 Two-Man Saw
32:33 Crop Rotation
32:49 Logistica
33:02 Logistica
33:44 Plate Barding Armor
34:14 Elite Cataphract
35:39 Iron Casting
38:31 Fletching
38:42 Scale Mail Armor
38:42 Padded Archer Armor
41:14 Conscription
40:30 Cavalier
41:53 Paladin
46:08 Coinage
45:49 Guilds
46:02 Hussar
l.abernardi93
10:46 Feudal Age
11:20 Double-Bit Axe
14:13 Wheelbarrow
15:59 Horse Collar
16:13 Stone Mining
18:39 Castle Age
18:35 Gold Mining
20:29 Hand Cart
21:23 Fletching
23:47 Bow Saw
29:07 Imperial Age
27:48 Bodkin Arrow
28:20 Pikeman
29:00 Squires
29:31 Halberdier
31:40 Forging
32:45 Elite Samurai
33:41 Bracer
34:21 Iron Casting
41:10 Blast Furnace
43:28 Scale Mail Armor
maRtin993♪
11:09 Feudal Age
16:03 Castle Age
14:11 Double-Bit Axe
18:15 Bow Saw
17:48 Horse Collar
25:06 Wheelbarrow
24:17 Town Watch
25:29 Squires
27:38 Anarchy
28:20 Forging
28:11 Scale Mail Armor
29:56 Hand Cart
31:08 Loom
31:24 Town Patrol
34:57 Imperial Age
32:52 Heavy Plow
34:10 Caravan
35:05 Capped Ram
35:12 Elite Huskarl
36:11 Perfusion
36:15 Stone Mining
36:15 Gold Mining
37:38 Chain Mail Armor
37:59 Iron Casting
42:21 Pikeman
44:46 Blast Furnace
43:14 Halberdier
49:24 Ballistics
50:05 Chemistry
你们采9朵莲
11:27 Feudal Age
11:55 Double-Bit Axe
11:52 Horse Collar
18:37 Arson
21:46 Castle Age
20:21 Stone Mining
20:24 Gold Mining
21:17 Man-at-Arms
22:09 Bloodlines
22:12 Forging
22:07 Scale Mail Armor
26:16 Bow Saw
27:06 Heavy Plow
28:00 Gambesons
32:03 Wheelbarrow
32:13 Pikeman
32:54 Squires
37:29 Imperial Age
35:17 Hand Cart
35:16 Long Swordsman
37:37 Iron Casting
37:17 Chain Mail Armor
37:08 Scale Barding Armor
37:44 Cavalier
37:54 Two-Handed Swordsman
43:43 Stone Shaft Mining
44:09 Two-Man Saw
43:45 Crop Rotation
42:40 Champion
44:24 Chemistry
43:43 Paladin
44:19 Elite Teutonic Knight
46:17 Blast Furnace
Assassin
11:19 Feudal Age
12:41 Wheelbarrow
11:49 Horse Collar
11:56 Double-Bit Axe
17:36 Castle Age
18:03 Gold Mining
18:32 Hand Cart
18:29 Bow Saw
19:14 Heavy Plow
19:17 Stone Mining
27:09 Gold Shaft Mining
31:20 Imperial Age
29:32 Padded Archer Armor
29:23 Fletching
29:35 Scale Mail Armor
29:59 Crossbowman
30:45 Thumb Ring
30:40 Bodkin Arrow
31:00 Leather Archer Armor
30:57 Forging
32:06 Loom
32:07 Town Watch
33:15 Royal Heirs
33:41 Conscription
34:26 Chemistry
33:47 Ballistics
33:37 Squires
34:12 Ring Archer Armor
33:43 Bracer
33:59 Chain Mail Armor
34:19 Iron Casting
34:09 Town Patrol
35:23 Stone Shaft Mining
34:14 Arbalester
37:11 Two-Man Saw
35:55 Elite Shotel Warrior
38:11 Siege Engineers
39:55 Blast Furnace
39:26 Plate Mail Armor
42:57 Man-at-Arms
43:25 Arson
44:15 Guilds
43:59 Long Swordsman
44:33 Two-Handed Swordsman
暴怒
10:29 Feudal Age
11:15 Double-Bit Axe
12:12 Wheelbarrow
12:53 Horse Collar
22:53 Castle Age
21:04 Gold Mining
21:05 Stone Mining
23:45 Forging
23:32 Fletching
23:49 Scale Barding Armor
24:03 Hand Cart
24:33 Gold Shaft Mining
24:16 Bow Saw
24:10 Heavy Plow
29:38 Bloodlines
29:50 Bodkin Arrow
29:56 Padded Archer Armor
29:56 Scale Mail Armor
30:32 Iron Casting
30:53 Chain Barding Armor
32:21 Chain Mail Armor
32:22 Leather Archer Armor
35:11 Imperial Age
35:36 Cavalier
37:37 Crossbowman
39:13 Crop Rotation
39:51 Two-Man Saw
42:46 Cavalier
45:05 Light Cavalry
45:58 Thumb Ring
Connection lost

Rejoining the realm…

Still unreachable

The connection could not be restored.

Session expired

The server has moved on; the page needs a fresh start.